 Dungeon Crawl Stone Soup version 0.25-a0-578-gc91f01c39c (webtiles) character file.

Game seed: 7031333473461880559, levelgen mode: deterministic

2230 Flugslaktarn the Cleaver (level 9, 0/81 HPs)
             Began as a Deep Dwarf Fighter on Mar 5, 2020.
             Was an Initiate of Makhleb.
             Slain by a wight
             ... wielding a cursed +5 falchion
              (1 damage)
             ... on level 7 of the Dungeon.
             The game lasted 00:02:12 (2076 turns).

Flugslaktarn the Cleaver (Deep Dwarf Fighter)       Turns: 2076, Time: 00:02:13

Health: 0/81       AC:  7    Str: 23    XL:     9   Next: 14%
Magic:  3/3        EV:  7    Int:  9    God:    Makhleb [......]
Gold:   210        SH: 10    Dex: 12    Spells: 8/8 levels left

rFire    . . .     SeeInvis .   a - +0 war axe
rCold    . . .     Gourm    .   c - +0 kite shield
rNeg     . . .     Faith    .   b - +0 scale mail
rPois    .         Spirit   .   (no helmet)
rElec    .         Reflect  .   (no cloak)
rCorr    .         Harm     .   (no gloves)
MR       +....                  (no boots)
Stlth    ..........             (no amulet)
HPRegen  0.00/turn              (no ring)
MPRegen  0.08/turn              (no ring)

@: non-regenerating, heavily drained
A: damage resistance, heal wounds, sense surroundings 2, no regeneration
a: Heal Wounds, Renounce Religion


You were on level 7 of the Dungeon.
You worshipped Makhleb.
Makhleb was noncommittal.
You were hungry.

You visited 2 branches of the dungeon, and saw 8 of its levels.

You collected 210 gold pieces.

Inventory:

Hand Weapons
 a - a +0 war axe (weapon)
Armour
 b - a +0 scale mail (worn)
 c - a +0 kite shield (worn)
Wands
 n - a wand of paralysis (3)
   (You took it off Pikel on level 7 of the Dungeon)
Scrolls
 g - a scroll of random uselessness {unknown}
 i - a scroll of amnesia {unknown}
 k - a scroll of blinking {unknown}
 l - 7 scrolls of identify {unknown}
 m - 2 scrolls of enchant weapon {unknown}
 p - 2 scrolls of remove curse {unknown}
 q - a scroll of enchant armour {unknown}
 r - a scroll of teleportation {unknown}
Potions
 d - 2 potions of might
 f - a potion of degeneration {unknown}
 h - 2 potions of stabbing {unknown}
 j - 4 potions of curing {unknown}
 u - a potion of haste {unknown}
Comestibles
 e - 3 rations
 o - a chunk of flesh


   Skills:
 + Level 5.3(3.8) Fighting
 * Level 8.4(6.7) Axes
 + Level 6.5(4.9) Armour
 + Level 6.5(4.9) Shields
 + Level 4.6(3.0) Invocations


You had 8 spell levels left.
You didn't know any spells.
Your spell library was empty.

Dungeon Overview and Level Annotations

Branches:
Dungeon (7/15)             Temple (1/1) D:5

Altars:
Ashenzari
Cheibriados
Elyvilon
Fedhas
Gozag
Kikubaaqudgha
Makhleb
Nemelex Xobeh
Okawaru
Ru
Uskayaw
Vehumet
Wu Jian
Xom
Zin
The Shining One

Annotations:
D:5 exclusions: 2 goblins and 1 more exclusion
D:6 2 transporters, Flugslaktarn's ghost, novice DDFi


Innate Abilities, Weirdness & Mutations

You are resistant to damage.
You can heal yourself by infusing magical energy.
You passively map the area around you.
You do not regenerate.


Message History

You feel drained.
You closely miss the wight.
The wight is moderately damaged.
You hit the wight.
You destroy the wight!
Makhleb accepts your kill. You block the gnoll's attack.
The wight hits you with a cursed +5 falchion!
* * * LOW HITPOINT WARNING * * *
You closely miss the wight.
The wight is moderately damaged.
The gnoll hits you from afar with a +0 halberd.
You block the wight's attack.
You hit the wight but do no damage.
The wight is moderately damaged.
The gnoll hits you from afar with a +0 halberd.
The wight hits you with a cursed +5 falchion!
* * * LOW HITPOINT WARNING * * *
You feel drained.
You die...

* #########.###
#.....<.....#
**#.#####..##.########
#................. * ,
, #.#.#..##)########*
* ,,*...#..#...# ,,
#<.,#..#...########, ,
##.,#..#...........,
,. #..#..)@#######,*
*#. #..##+#z#.....#, *
* #..##z#)g..##.# , ,
, ,#.zzg).......... ,
, ......h....#...#...*
, ...#...#.#.#.......
,. #...#.#.##..#.# , ,
, ,,,#...#.#..,......
, ,, ,
.z...#.##########*,


You could see a wight and a gnoll.

Vanquished Creatures
  Pikel (D:7)
  Menkaure (D:6)
  Duvessa (D:6)
  2 slaves (D:7)
  An ice beast (D:7)
  3 ogres
  A sky beast (D:5)
  2 black bears (D:7)
  3 centaurs
  2 bullfrogs (D:6)
  Dowan (D:6)
  2 wights (D:7)
  A centaur zombie (D:5)
  A bullfrog skeleton (D:6)
  A hound (D:4)
  A jelly (D:5)
  An orc priest (D:5)
  A gnoll shaman (D:7)
  An iguana (D:7)
  5 worker ants
  5 gnolls
  7 adders
  3 adder skeletons
  3 worms (D:2)
  A dart slug (D:2)
  13 orcs
  A giant cockroach (D:5)
  A goblin (D:3)
  2 hobgoblins (D:2)
  4 jackals (D:4)
  A ball python skeleton (D:5)
  A bat (D:3)
  2 frilled lizards
  A jackal skeleton (D:5)
  3 kobolds (D:2)
  A rat (D:2)
81 creatures vanquished.

Vanquished Creatures (others)
  A slave (D:7)
1 creature vanquished.

Grand Total: 82 creatures vanquished

Notes
Turn   | Place    | Note
-------+----------+-------------------------------------------
     0 | D:1      | Flugslaktarn the Deep Dwarf Fighter began the quest for the
                  | Orb.
     0 | D:1      | Reached XP level 1. HP: 20/20 MP: 1/1
    28 | D:2      | Reached XP level 2. HP: 18/27 MP: 2/2
    34 | D:2      | Found a glowing silver altar of Zin.
    34 | D:2      | Found a white marble altar of Elyvilon.
    35 | D:2      | Found a glowing golden altar of the Shining One.
   123 | D:2      | Reached skill level 3 in Axes
   161 | D:2      | Reached XP level 3. HP: 27/33 MP: 3/3
   231 | D:4      | Reached XP level 4. HP: 25/42 MP: 4/4
   461 | D:4      | Noticed an ogre
   470 | D:4      | Killed an ogre
   470 | D:4      | Reached skill level 4 in Axes
   470 | D:4      | Reached XP level 5. HP: 24/49 MP: 5/5
   894 | D:5      | Entered Level 5 of the Dungeon
   907 | D:5      | Found an iron altar of Okawaru.
   914 | D:5      | Reached XP level 6. HP: 41/56 MP: 5/5
   962 | D:5      | Reached skill level 5 in Axes
   995 | D:5      | Noticed a sky beast
  1033 | D:5      | Killed a sky beast
  1033 | D:5      | Reached skill level 5 in Armour
  1033 | D:5      | Reached skill level 5 in Shields
  1033 | D:5      | Reached XP level 7. HP: 41/64 MP: 2/2
  1082 | D:5      | Reached skill level 6 in Axes
  1152 | D:5      | Found a staircase to the Ecumenical Temple.
  1182 | Temple   | Entered the Ecumenical Temple
  1236 | Temple   | Became a worshipper of Makhleb the Destroyer
  1402 | D:6      | Found a transporter.
  1407 | D:6      | Found a transporter.
  1409 | D:6      | Noticed a queen bee
  1434 | D:6      | Found a burning altar of Makhleb.
  1436 | D:6      | Noticed Dowan
  1436 | D:6      | Noticed Duvessa
  1448 | D:6      | Killed Duvessa
  1448 | D:6      | Reached skill level 1 in Invocations
  1456 | D:6      | Killed Dowan
  1583 | D:6      | Found a sacrificial altar of Ru.
  1611 | D:6      | Reached XP level 8. HP: 12/73 MP: 1/1
  1707 | D:6      | Noticed Menkaure
  1725 | D:6      | Killed Menkaure
  1725 | D:6      | Reached skill level 7 in Axes
  1904 | D:6      | Noticed Flugslaktarn's ghost (novice DDFi)
  1948 | D:7      | Noticed Pikel
  1995 | D:7      | Killed Pikel
  1995 | D:7      | Reached skill level 5 in Fighting
  1995 | D:7      | Reached skill level 8 in Axes
  2028 | D:7      | Gained mutation: You passively map the area around you.
                  | [Deep Dwarf growth]
  2028 | D:7      | Reached XP level 9. HP: 36/81 MP: 3/3
  2076 | D:7      | HP: 1/81 [wight/cursed +5 falchion (5)]
  2076 | D:7      | Slain by a wight

Levels and vault maps discovered:
D:1:      dpeg_arrival_pond, layout_loops_cross
D:2:      layout_loops_ring, good_gods_mini_temple, first_ration, uniq_sigmund
D:3:      cheibrodos_thug_alley, layout_basic, nicolae_overflow_hidden_temple,
          cheibrodos_sewer_entry_sluice, uniq_jessica
D:4:      minmay_evil_eye, layout_basic, serial_forest,
          infiniplex_forest_lined_3, infiniplex_forest_straight_3,
          infiniplex_forest_straight_2, infiniplex_forest_clump_medium,
          infiniplex_forest_clump_small, infiniplex_forest_pool,
          infiniplex_forest_straight_3, infiniplex_forest_clump_tiny
D:5:      layout_rooms, kennysheep_okawaru_gauntlet, tgw_sif,
          minmay_temple_entry_tees
D:6:      layout_rooms, gammafunk_ghost_hive, basic_altar,
          nicolae_ru_sacrificial_ziggurat, uniq_duvessa, uniq_menkaure
D:7:      layout_basic, grunt_ogre_cave, trog_ov_bears_minmay, uniq_harold,
          uniq_pikel
Temple:   minmay_temple_bridge_abc

Skill      XL: |  1  2  3  4  5  6  7  8 |
---------------+-------------------------+-----
Axes           | 3 4 5 6 8 |  8.4
Fighting       | 3 4 5 |  5.3
Armour         | 4 5 6 |  6.5
Shields        | 4 5 6 |  6.5
Invocations    | 2 4 |  4.6

Action                   |  1- 3 |  4- 6 |  7- 9 || total
-------------------------+-------+-------+-------++-------
Melee: War axe           |    63 |   131 |   155 ||   349
 Abil: Heal Wounds       |     2 |    11 |    14 ||    27
  Eat: Chunk             |       |     1 |     3 ||     4
Armor: Scale mail        |    34 |    58 |    50 ||   142
Dodge: Dodged            |    28 |    51 |    67 ||   146
Block: Kite shield       |    44 |    94 |   127 ||   265

Table legend:
 A = Non-vault XP
 B = Vault XP
 C = Vault XP percentage of total XP
 D = Non-vault monster count
 E = Vault monster count
 F = Vault count percentage of total count
                 A         B        C        D         E       F
            +---------+---------+-------+---------+---------+-------
      Total |    1916 |    1271 |  39.9 |      72 |       7 |   8.9
            +---------+---------+-------+---------+---------+-------
        D:1 |       1 |       0 |   0.0 |       1 |       0 |   0.0
        D:2 |      43 |       0 |   0.0 |      12 |       0 |   0.0
        D:3 |      48 |       0 |   0.0 |       6 |       0 |   0.0
        D:4 |     187 |      43 |  18.7 |      11 |       1 |   8.3
        D:5 |     661 |       0 |   0.0 |      24 |       0 |   0.0
        D:6 |     498 |     397 |  44.4 |       9 |       3 |  25.0
        D:7 |     478 |     831 |  63.5 |       9 |       3 |  25.0
            +---------+---------+-------+---------+---------+-------
